 Dungeon Crawl Stone Soup version 0.30-a0-457-g4b7bca3bfa (webtiles) character file.

Game seed: 4091753060089456987

415 Raultor the Changer (level 6, 0/41 HPs)
             Began as an Octopode Transmuter on Dec 13, 2022.
             Was an Initiate of the Shining One.
             Succumbed to a kobold brigand's poison
             ... on level 5 of the Dungeon.
             The game lasted 00:08:18 (3300 turns).

Raultor the Changer (Octopode Transmuter)           Turns: 3300, Time: 00:08:18

Health: 0/41       AC:  1    Str:  9    XL:     6   Next: 92%
Magic:  9/9        EV: 13    Int: 18    God:    the Shining One [......]
Gold:   197        SH:  0    Dex: 12    Spells: 2/9 levels left

rFire   . . .      SeeInvis .      - Unarmed
rCold   . . .      Faith    .    (no shield)
rNeg    . . .      Spirit   .    (helmet currently unavailable)
rPois   .          Reflect  .    m - amulet of magic regeneration
rElec   .          Harm     .    (no ring)
rCorr   .          Rampage  .    (no ring)
Will    .....                    (no ring)
Stlth   +.........               (no ring)
HPRegen 0.26/turn                (no ring)
MPRegen 0.51/turn                (no ring)
                                 (no ring)
                                 (no ring)

@: lethally poisoned (0 -> -4), appendages, wereblooded (expiring), on berserk
cooldown, slowed, glowing, very slow
A: tentacle spike 3, almost no armour, amphibious, 8 rings, camouflage 1,
gelatinous body 1, (nimble swimmer 1), tentacles
a: End Transformation, Renounce Religion


You were on level 5 of the Dungeon.
You worshipped the Shining One.
The Shining One was noncommittal.
One of your tentacles had grown a beastly spike.
You visited 2 branches of the dungeon, and saw 6 of its levels.

You collected 197 gold pieces.


Innate Abilities, Weirdness & Mutations

One of your tentacles has grown a beastly spike.
You cannot wear most types of armour.
You are amphibious.
You can wear up to eight rings at the same time.
Your skin changes colour to match your surroundings (Stealth+).
Your rubbery body absorbs attacks. (AC +1, EV +1)
((You are camouflaged when in or above water. (Stealth+)))
You have tentacles for arms and can constrict up to eight enemies at once.


   Skills:
 + Level 2.7 Fighting
 - Level 2.0 Dodging
 + Level 4.0 Unarmed Combat
 - Level 2.0 Spellcasting
 * Level 4.3 Transmutations
 * Level 3.7 Ice Magic


You had 2 spell levels left.
You knew the following spells:

 Your Spells              Type           Power      Damage    Failure   Level
b - Beastly Appendage     Tmut           34%        N/A       3%          1
c - Ice Form              Ice/Tmut       16%        N/A       34%         4
w - Wereblood             Tmut           17%        N/A       4%          2

Your spell library contained the following spells:

 Spells                   Type           Power      Damage    Failure   Level
 Blink                    Tloc           2%         N/A       26%         2
 Ozocubu's Armour         Ice            15%        N/A       12%         3
 Spider Form              Tmut/Pois      9%         N/A       22%         3
 Manifold Assault         Tloc           1%         N/A       87%         4
 Metabolic Englaciation   Hex/Ice        4%         N/A       93%         5
 Simulacrum               Ice/Necr       4%         N/A       100%        6
 Storm Form               Tmut/Air       4%         N/A       100%        7

Inventory:

Magical Staves
 c - a staff of conjuration {!a}
Jewellery
 m - an amulet of magic regeneration (around mantle)
Wands
 q - a wand of digging (4)
Scrolls
 d - a scroll of enchant armour {unknown}
 e - a scroll of torment {unknown}
 g - 4 scrolls of vulnerability {unknown}
 h - a scroll of teleportation {unknown}
 j - 4 scrolls of identify {unknown}
 o - a scroll of poison {unknown}
 s - a scroll of blinking {unknown}
 t - a scroll of silence {unknown}
 v - a scroll of amnesia {unknown}
Potions
 a - a potion of lignification
 b - 2 potions of flight {unknown}
 f - a potion of degeneration {unknown}
 i - a potion of curing {unknown}
 k - 2 potions of berserk rage {!q}
 l - 2 potions of brilliance {unknown}
 n - 2 potions of might {unknown}
 p - a potion of ambrosia {unknown}
 r - a potion of attraction {unknown}
 u - a potion of heal wounds {unknown}
 w - a potion of mutation {unknown}

Dungeon Overview and Level Annotations

Branches:
Dungeon (5/15)             Temple (1/1) D:5

Altars:
Gozag
Hepliaklqana
Kikubaaqudgha
Uskayaw
Vehumet
Wu Jian
Xom
Yredelemnul
The Shining One

#########.#
#.........#
#.#######.# #.# #.#
#.# ####)# #.# #....#
#### #.# #....# # [..#
#.# #....#####.####
...###.#
#...))@.......#
...'...#
+....(.....##K#
...######.#..........#
.....................#
...######.#...#......#
...# #.#.#........#
#### # #.#.##.#+### .
. #. #.# # ### #


You could see a kobold (wandering).


Message History

* * * LOW HITPOINT WARNING * * *
Your Unarmed Combat skill increases to level 4!
It was a potion of berserk rage.
A red film seems to cover your vision as you go berserk!
You feel yourself moving faster!
You feel mighty!
* * * LOW HITPOINT WARNING * * *
You feel very sick. The kobold barely misses you.
You are too berserk!
You closely miss the kobold. Your grab misses the kobold.
You pierce the kobold.
You feel a bit better.
You kill the kobold!
* * * LOW HITPOINT WARNING * * *
You feel sick.
* * * LOW HITPOINT WARNING * * *
You feel sick.
Things that are here:
a +0 dagger; 3 stones You are too berserk!
You feel a strong urge to attack something.
* * * LOW HITPOINT WARNING * * *
You feel sick.
Unknown command.
* * * LOW HITPOINT WARNING * * *
You feel sick.
A kobold comes into view.
It is wielding a +0 short sword and quivering poisoned darts.
You feel your anger nearly subside.
You are no longer berserk.
You are exhausted.
You feel yourself slow down.
You die...

Skill      XL: |  1  2  3  4  5  6 |
---------------+-------------------+-----
Ice Magic      | 1 2 3 |  3.7
Transmutations | 3 4 |  4.3
Fighting       | 2 |  2.7
Unarmed Combat | 4 |  4.0
Dodging        | |  2.0
Spellcasting   | |  2.0

Action                   |  1- 3 |  4- 6 || total
-------------------------+-------+-------++-------
Melee: Unarmed           |    80 |   139 ||   219
       Tentacles         |    16 |    29 ||    45
       Constrict         |    20 |    30 ||    50
       Kick              |    15 |    17 ||    32
       Punch             |     1 |     2 ||     3
 Cast: Beastly Appendage |     8 |     9 ||    17
       Wereblood         |     1 |     5 ||     6
       Ice Form          |       |     2 ||     2
  Use: Potion            |       |     1 ||     1
 Stab: Sleeping          |     6 |     4 ||    10
       Distracted        |       |     1 ||     1
Armor: Skin              |     1 |    12 ||    13
Dodge: Dodged            |    41 |    80 ||   121

Levels and vault maps discovered:
D:1:      lemuel_arrival_room, layout_basic
D:2:      layout_basic
D:3:      layout_loops_ring, nicolae_yredelemnul_corpse_copse,
          gammafunk_temple_overflow_statue,
          shapermc_ecumenical_altar_hornbeckon, st_stairs_7
D:4:      layout_loops_ring, minmay_goblin_outpost
D:5:      layout_basic, minmay_temple_entry_large_hall
Temple:   eino_temple_scatter_basement

Notes
Turn   | Place    | Note
-------+----------+-------------------------------------------
     0 | D:1      | Raultor the Octopode Transmuter began the quest for the
                  | Orb.
     0 | D:1      | Reached XP level 1. HP: 13/13 MP: 3/3
   108 | D:1      | Reached XP level 2. HP: 11/18 MP: 3/5
   234 | D:1      | Reached skill level 1 in Ice Magic
   371 | D:1      | You fall into a shaft and drop 1 floor!
   473 | D:2      | Reached XP level 3. HP: 10/23 MP: 6/6
   541 | D:2      | Identified the +3 robe of Geyrofag {rPois MP+9 Str-4 Dex+4}
   619 | D:2      | Learned a level 2 spell: Wereblood
   711 | D:2      | HP: 2/23 [poisoned by an adder]
  1332 | D:3      | Reached XP level 4. HP: 16/28 MP: 7/7
  1413 | D:3      | Reached skill level 3 in Transmutations
  1413 | D:3      | Reached skill level 2 in Ice Magic
  1470 | D:3      | Found a basalt altar of Yredelemnul.
  1490 | D:3      | Learned a level 4 spell: Ice Form
  1681 | D:3      | Found a faded altar of an unknown god.
  1886 | D:3      | Found an ornate altar of the Wu Jian Council.
  1887 | D:3      | Found an opulent altar of Gozag.
  1984 | D:3      | Reached skill level 2 in Fighting
  1984 | D:3      | Reached XP level 5. HP: 32/34 MP: 5/8
  2420 | D:4      | Reached skill level 3 in Ice Magic
  2429 | D:4      | Reached XP level 6. HP: 25/39 MP: 9/9
  2943 | D:5      | Entered Level 5 of the Dungeon
  2943 | D:5      | Found a staircase to the Ecumenical Temple.
  2998 | Temple   | Entered the Ecumenical Temple
  3013 | Temple   | Became a worshipper of the Shining One
  3045 | D:5      | Reached skill level 4 in Transmutations
  3295 | D:5      | Reached skill level 4 in Unarmed Combat
  3295 | D:5      | HP: 6/61 [poisoned by a kobold brigand]
  3299 | D:5      | HP: 2/61 [poisoned by a kobold brigand]
  3300 | D:5      | Succumbed to a kobold brigand's poison

Vanquished Creatures
  An ogre (D:5)
  A kobold brigand (D:5)
  2 orc priests (D:3)
  9 adders
  A shadow imp (D:4)
  3 adder zombies (D:3)
  A worm (D:5)
  3 dart slugs
  8 orcs
  3 endoplasms
  5 giant cockroaches
  12 goblins
  8 hobgoblins
  4 jackals (D:4)
  3 quokkas
  6 ball pythons
  A ball python zombie (D:3)
  3 bats
  4 frilled lizards
  12 kobolds
  3 rats
93 creatures vanquished.

Table legend: (Time is in decaauts)
 A = Elapsed time spent in this place.
 B = Non-inter-level travel time spent in this place.
 C = Inter-level travel time spent in this place.
 D = Time resting spent in this place.
 E = Time spent auto-exploring this place.
 F = Levels seen in this place.
 G = Mean time per level.
                   A        B        C        D        E       F      G
               +--------+--------+--------+--------+--------+-----+--------+
         Total |   3283 |   3202 |     81 |     21 |   2527 |   6 |  547.2 |
       Dungeon |   3256 |   3185 |     71 |     21 |   2521 |   5 |  651.2 |
        Temple |     26 |     16 |     10 |      0 |      6 |   1 |   26.0 |
               +--------+--------+--------+--------+--------+-----+--------+

Top non-repeatable levels by time:
     D:4: 872 daAuts
     D:3: 870 daAuts
     D:2: 845 daAuts
     D:1: 369 daAuts
     D:5: 299 daAuts
  Temple: 26 daAuts

Table legend:
 A = Non-vault XP
 B = Vault XP
 C = Vault XP percentage of total XP
 D = Non-vault monster count
 E = Vault monster count
 F = Vault count percentage of total count
                 A         B        C        D         E       F
            +---------+---------+-------+---------+---------+-------
      Total |     548 |      46 |   7.7 |      79 |      14 |  15.1
            +---------+---------+-------+---------+---------+-------
        D:1 |      22 |       0 |   0.0 |      13 |       0 |   0.0
        D:2 |      42 |       0 |   0.0 |      12 |       0 |   0.0
        D:3 |     166 |      31 |  15.7 |      27 |       6 |  18.2
        D:4 |      71 |      15 |  17.4 |      18 |       8 |  30.8
        D:5 |     247 |       0 |   0.0 |       9 |       0 |   0.0
            +---------+---------+-------+---------+---------+-------
